 Dungeon Crawl Stone Soup version 0.24.1 (webtiles) character file.

Game seed: 12886558792330662208, levelgen mode: deterministic

217 Destapler the Shield-Bearer (level 5, 0/43 HPs)
             Began as a Barachi Fighter on Mar 30, 2020.
             Slain by an orc
             ... wielding a +0 club
              (3 damage)
             ... on level 4 of the Dungeon.
             The game lasted 00:07:43 (1831 turns).

Destapler the Shield-Bearer (Barachi Fighter)       Turns: 1831, Time: 00:07:44

Health: 0/43       AC: 10    Str: 18    XL:     5   Next: 94%
Magic:  5/5        EV:  7    Int:  8    God:
Gold:   126        SH: 10    Dex: 12    Spells: 4/4 levels left

rFire    . . .     SeeInvis .   i - +2 dagger (drain)
rCold    . . .     Gourm    .   c - +1 shield
rNeg     . . .     Faith    .   b - +0 scale mail
rPois    .         Spirit   .   p - +1 hat
rElec    .         Reflect  .   (no cloak)
rCorr    .         Harm     .   o - +1 pair of gloves
MR       .....                  (no boots)
Stlth    ..........             (no amulet)
HPRegen  0.14/turn              n - ring of attention (curse)
MPRegen  0.09/turn              (no ring)

@: slow
A: +LOS, swims, slowness 1, strong legs 1
a: Hop


You were on level 4 of the Dungeon.
You were not hungry.

You visited 1 branch of the dungeon, and saw 4 of its levels.

You collected 126 gold pieces.

Inventory:

Hand Weapons
 a - a +0 long sword
 i - a +2 dagger of draining (weapon)
Missiles
 e - 140 stones
 h - 8 curare-tipped darts (quivered)
Armour
 b - a +0 scale mail (worn)
 c - a +1 shield (worn)
 o - a +1 pair of gloves (worn)
 p - a +1 hat (worn)
Jewellery
 n - a cursed ring of attention (left hand)
Scrolls
 l - 7 scrolls of identify
 m - a scroll of remove curse {unknown}
 r - a scroll of teleportation
Potions
 d - a potion of might
 j - 3 potions of heal wounds
 k - a potion of flight {unknown}
 q - 2 potions of mutation {unknown}
 s - a potion of curing {unknown}
Comestibles
 f - 6 rations
 g - a chunk of flesh


   Skills:
 + Level 4.7 Fighting
 + Level 2.2(2.8) Short Blades
 - Level 2.5(3.1) Long Blades
 + Level 4.7 Armour
 * Level 5.0 Shields


You had 4 spell levels left.
You didn't know any spells.
Your spell library was empty.

Dungeon Overview and Level Annotations

Branches:
Dungeon (4/15)
 Temple: D:4-7

Altars:
Ashenzari
Hepliaklqana
Okawaru
Uskayaw
Vehumet
Wu Jian


Innate Abilities, Weirdness & Mutations

Shadows flee at your approach. (+LOS)
You can swim through water.
You cover ground slowly.
You can hop short distances.


Message History

You are too injured to fight recklessly!
You hit the orc.
The orc is heavily wounded.
The orc hits you but does no damage. x2
You closely miss the orc.
The orc is heavily wounded.
The orc hits you with a +0 club.
* * * LOW HITPOINT WARNING * * *
The orc hits you but does no damage. The orc hits you with a +0 club.
* * * LOW HITPOINT WARNING * * *
You hit the orc.
The orc is almost dead.
The orc hits you but does no damage. The orc hits you.
* * * LOW HITPOINT WARNING * * *
The orc barely misses you.
You closely miss the orc.
The orc is almost dead.
You block the orc's attack. The orc barely misses you.
The orc hits you with a +0 club.
You die...

.........# .#
..#.<##.# .# #
#.#.....# # #..#.
##.#....#....
....#.#.$#....#.....
. ...#..........)...
#..#...#.##........
#....#........... #
#....@.........
#.....ooo........
##................
.....<.............
#.....$...##.....$.
.#.......## ......
##....##..l .....
##.....##... .....
#.#......## ....


You could see 3 orcs.

Vanquished Creatures
  An orc priest (D:4)
  Jessica (D:2)
  2 gnolls (D:3)
  4 adders
  An ooze (D:2)
  A worm (D:2)
  4 dart slugs
  5 leopard geckos
  5 orcs
  3 giant cockroaches (D:1)
  9 goblins
  17 hobgoblins
  A ball python (D:2)
  3 bats
  4 frilled lizards
  13 kobolds
  8 rats
82 creatures vanquished.

Notes
Turn   | Place    | Note
-------+----------+-------------------------------------------
     0 | D:1      | Destapler the Barachi Fighter began the quest for the Orb.
     0 | D:1      | Reached XP level 1. HP: 18/18 MP: 1/1
   153 | D:1      | Reached XP level 2. HP: 23/25 MP: 2/2
   429 | D:1      | Reached XP level 3. HP: 26/30 MP: 3/3
   531 | D:2      | Reached skill level 1 in Short Blades
   531 | D:2      | Reached skill level 4 in Shields
   627 | D:2      | Reached XP level 4. HP: 29/37 MP: 4/4
   841 | D:2      | Noticed Jessica
   852 | D:2      | Killed Jessica
   914 | D:2      | Reached XP level 5. HP: 37/43 MP: 5/5
  1244 | D:3      | Found a radiant altar of Vehumet.
  1247 | D:3      | Found a hide-covered altar of Uskayaw.
  1250 | D:3      | Found a hazy altar of Hepliaklqana.
  1253 | D:3      | Found a shattered altar of Ashenzari.
  1301 | D:3      | Found an ornate altar of the Wu Jian Council.
  1455 | D:3      | Found an iron altar of Okawaru.
  1785 | D:4      | Noticed an ogre
  1825 | D:4      | Reached skill level 5 in Shields
  1831 | D:4      | Slain by an orc

Levels and vault maps discovered:
D:1:      onia_arrival_larder, layout_basic, minmay_misc_feat_five
D:2:      cheibrodos_greedy_goblins, layout_rooms, uniq_jessica
D:3:      layout_loops_ring, lemuel_crystal_altar,
          grunt_temple_overflow_cloverleaf, okawaru_altar_gauntlet_db
D:4:      layout_layer_cave, first_ration

Skill      XL: |  1  2  3  4  5 |
---------------+----------------+-----
Fighting       | 4 |  4.7
Armour         | 4 |  4.7
Short Blades   | 1 2 |  2.2
Shields        | 4 5 |  5.0
Long Blades    | |  2.5

Action                   |  1- 3 |  4- 6 || total
-------------------------+-------+-------++-------
Melee: Long sword        |    24 |       ||    24
       Dagger            |    79 |   154 ||   233
  Use: Scroll            |     5 |     2 ||     7
  Eat: Chunk             |       |     4 ||     4
Armor: Scale mail        |    44 |    62 ||   106
Dodge: Dodged            |    34 |    40 ||    74
Block: Shield            |    51 |    85 ||   136
       Rpst.: Long sword |     5 |       ||     5
